 Dungeon Crawl Stone Soup version 0.31-a0-774-g0d66cbabe8 (webtiles) character file.

Game seed: 9361003208539496435

116 noobster the Ducker (level 4, -7/44 HPs)
             Began as a Troll Fighter on Sept 17, 2023.
             Killed from afar by Ijyb (13 damage)
             ... with a bolt of dispelling energy
             ... on level 3 of the Dungeon.
             The game lasted 00:16:14 (1478 turns).

noobster the Ducker (Troll Fighter)                 Turns: 1478, Time: 00:16:15

Health: -7/44      AC:  4    Str: 26    XL:     4   Next: 70%
Magic:  3/3        EV:  9    Int:  4    God:
Gold:   80         SH:  7    Dex:  9    Spells: 3/3 levels left

rFire   . . .        k - +2 dagger (venom)
rCold   . . .        c - +0 kite shield
rNeg    . . .        b - +0 robe
rPois   .            (helmet restricted)
rElec   .            (no cloak)
rCorr   .            (gloves unavailable)
SInv    .            (boots unavailable)
Will    .....        (no amulet)
Stlth   +            (no ring)
HPRegen 1.07/turn    (no ring)
MPRegen 0.08/turn

%: no passive effects
@: brilliant
A: large, unfitting armour, claws 3, regeneration 1, shaggy fur 1, tough skin 1
a: no special abilities


You were on level 3 of the Dungeon.
You visited 1 branch of the dungeon, and saw 3 of its levels.

You collected 80 gold pieces.

Inventory:

Hand Weapons
 a - a +0 flail
 e - a +0 hand axe
 f - a +0 dagger
 i - a +0 hand axe
 k - a +2 dagger of venom (weapon)
 l - a +0 club
 o - a +0 spear
 p - a +0 whip
 q - a +0 short sword
 u - a +0 short sword
 y - a +0 club
 A - a +0 club
 B - a +0 dagger
 C - a +0 dagger
Missiles
 g - 21 stones
Armour
 b - a +0 robe (worn)
 c - a +0 kite shield (worn)
Jewellery
 v - a ring of see invisible
Wands
 t - a wand of paralysis (11)
Scrolls
 s - a scroll of fog {unknown}
 w - a scroll of summoning {unknown}
 x - a scroll of torment {unknown}
Potions
 d - a potion of might


   Skills:
 + Level 2.9 Fighting
 + Level 2.7 Maces & Flails
 + Level 3.3 Dodging
 + Level 0.3 Stealth
 + Level 3.1 Shields


You had 3 spell levels left.
You didn't know any spells.
Your spell library was empty.

Dungeon Overview and Level Annotations

Branches:
Dungeon (3/15)

Altars:

Shops:
D:1 (

Annotations:
D:3 Ijyb


Innate Abilities, Weirdness & Mutations

You are too large for most types of armour.
You have claws for hands.
Your natural rate of healing is unusually fast.
You are covered in fur. (AC +1)
You have tough skin. (AC +1)


Message History

As you read the scroll labelled SOTEAZ XEUGOPN, it crumbles to dust.
The air around you briefly surges with heat, but it dissipates.
It was a scroll of immolation.
As you read the scroll labelled ISHRUQ ELAOLIULI, it crumbles to dust.
You hear a loud clanging noise!
It was a scroll of noise.
You hear a shout!
Jessica the Apprentice Sorceress comes into view.
She is wielding a +0 dagger.
Jessica mumbles some strange words.
Jessica blinks!
Jessica gestures wildly while chanting.
Jessica blinks!
You hit Jessica but do no damage. You block Jessica's attack.
You hit Jessica but do no damage. Jessica gestures at you while chanting.
You barely resist. You hit Jessica.
Jessica is poisoned.
Jessica is heavily wounded.
You block Jessica's attack.
You hit Jessica.
Jessica looks as sick as possible!
Jessica is severely wounded.
Ijyb the Twisted Goblin comes into view.
She is wielding a +0 club and carrying a wand of quicksilver.
You block Jessica's attack.
You closely miss Jessica.
Jessica is severely wounded.
You kill Jessica!
Ijyb shouts!
Ijyb zaps a wand.
The bolt of dispelling energy hits you!
Things that are here:
a +0 dagger; a +0 robe
Okay, then.
Okay, then.
Ijyb zaps a wand.
The bolt of dispelling energy hits you!
Ijyb zaps a wand.
The bolt of dispelling energy hits you!!
* * * LOW HITPOINT WARNING * * *
You feel clever all of a sudden.
Ijyb zaps a wand.
The bolt of dispelling energy hits you!
Your magical effects are unravelling.
You die...

#.........# #.#
#.........# #.#
######....###.#
+........+
#.....##.#
#####.).....##..
#.<........g...$
#+###......##...
#.....@# ...
#......# #'
##+##..# ##..#
##.# +#


You could see Ijyb.

Vanquished Creatures
  A sleepcap (D:2)
  Jessica (D:3)
  2 adders (D:2)
  A worm (D:2)
  A dart slug (D:2)
  3 endoplasms
  4 goblins
  9 hobgoblins
  2 kobolds
  2 quokkas
  6 ball pythons
  3 bats
  4 frilled lizards (D:2)
  2 rats (D:1)
41 creatures vanquished.

Notes
Turn   | Place    | Note
-------+----------+-------------------------------------------
     0 | D:1      | noobster the Troll Fighter began the quest for the Orb.
     0 | D:1      | Reached XP level 1. HP: 22/22 MP: 0/0
   192 | D:1      | Reached XP level 2. HP: 29/29 MP: 1/1
   243 | D:1      | Found Suigaife's Antique Weapon Boutique.
   552 | D:2      | Reached XP level 3. HP: 5/36 MP: 2/2
  1085 | D:2      | Reached XP level 4. HP: 30/44 MP: 3/3
  1455 | D:3      | Noticed Jessica
  1471 | D:3      | Noticed Ijyb
  1472 | D:3      | Killed Jessica
  1478 | D:3      | Killed from afar by Ijyb

Illustrated notes

Levels and vault maps discovered:
D:1:      spicycebolla_arrival_clurvy, layout_rooms, serial_shops, shop
D:2:      wander_river, layout_loops_ring
D:3:      layout_basic, nicolae_overflow_two_pavilions, nicolae_hexahallways,
          kennysheep_potato, uniq_ijyb, uniq_jessica, uniq_grinder

Skill      XL: |  1  2  3 |
---------------+----------+-----
Maces & Flails | 2 |  2.7
Shields        | 3 |  3.1
Dodging        | 3 |  3.3
Fighting       | |  2.9
Stealth        | |  0.3

Action                     |  1- 3 |  4- 6 || total
---------------------------+-------+-------++-------
  Melee: Flail             |   140 |     4 ||   144
         Dagger            |       |    29 ||    29
    Use: Potion            |     3 |     3 ||     6
         Scroll            |     1 |     3 ||     4
 Armour: Robe              |    83 |    16 ||    99
  Dodge: Dodged            |    58 |     5 ||    63
  Block: Kite shield       |    51 |    13 ||    64

Table legend: (Time is in decaauts)
 A = Elapsed time spent in this place.
 B = Non-inter-level travel time spent in this place.
 C = Inter-level travel time spent in this place.
 D = Time resting spent in this place.
 E = Time spent auto-exploring this place.
 F = Levels seen in this place.
 G = Mean time per level.
                   A        B        C        D        E       F      G
               +--------+--------+--------+--------+--------+-----+--------+
         Total |   1539 |   1539 |      0 |      0 |      0 |   3 |  513.0 |
       Dungeon |   1539 |   1539 |      0 |      0 |      0 |   3 |  513.0 |
               +--------+--------+--------+--------+--------+-----+--------+

Top non-repeatable levels by time:
     D:2: 917 daAuts
     D:1: 567 daAuts
     D:3: 55 daAuts
